Map: King's Cove LE

Players

Vlign

  • Race: Terran Terran
  • League: Diamond
  • Spawn Location: 11:00

Stirbend - Winner!

  • Race: Zerg Zerg
  • League: Diamond
  • Spawn Location: 5:00

VOD

Have the link to the VOD?

Description

Time

  • Played on: Feb. 1, 2019, 8:46 p.m.
  • Length: 16:42
Show
View Real Time Build Order
Export as new Build Order

Vlign Terran 

Build Orders: Reaper Expand 

Get SALT Encoding   

  12  0:00  SCV  
  13  0:13  SCV  
  14  0:24  Supply Depot  
  14  0:27  SCV  
  15  0:45  SCV  
  15  0:47  Barracks  
  15  0:49  Refinery  
  16  1:00  SCV  
  17  1:13  SCV  
  18  1:25  SCV  
  19  1:37  Reaper  
  19  1:38  Orbital Command  
  20  1:49  Command Center  
  20  1:57  Barracks  
  20  2:04  Supply Depot  
  20  2:05  SCV  
  21  2:10  Barracks Reactor  
  21  2:21  SCV  
  22  2:30  Factory  
  22  2:33  SCV  
  23  2:43  Refinery  
  23  2:45  SCV  
  23  2:58  SCV  
  24  3:01  Marine x2  
  24  3:03  Barracks Tech Lab  
  26  3:10  SCV  
  26  3:19  Marine x2  
  28  3:22  SCV  
  29  3:34  SCV  
  29  3:38  Marine, Stimpack  
  31  3:46  SCV, Orbital Command  
  32  3:58  SCV  
  32  3:59  Marine x3  
  36  4:08  Orbital Command  
  36  4:10  SCV  
  37  4:17  Marine x3  
  37  4:23  SCV  
  41  4:26  Command Center  
  41  4:31  Factory Reactor  
  41  4:32  Starport, Barracks  
  41  4:35  Marine x2, SCV  
  43  4:41  Marine  
  43  4:42  SCV  
  45  4:49  SCV  
  46  4:58  Supply Depot  
  46  5:04  Supply Depot  
  46  5:20  Marine x3, SCV x2  
  51  5:22  Barracks Reactor, Factory Tech Lab, Medivac  
  51  5:26  Medivac  
  51  5:27  Refinery  
  55  5:29  Bunker  
  55  5:30  Supply Depot  
  55  5:32  SCV x2  
  57  5:38  Marine x2  
  57  5:40  Orbital Command  
  57  5:41  Marine  
  60  5:42  Engineering Bay  
  60  5:44  SCV, Engineering Bay  
  60  5:49  SCV  
  62  5:52  Siege Tank  
  65  6:04  Marine  
  65  6:05  Marine x4  
  65  6:06  Medivac x2  
  65  6:07  SCV  
  65  6:09  SCV x2  
  77  6:27  Marine x3  
  77  6:28  Marine  
  81  6:43  Marine  
  81  6:45  Marine x3  
  85  6:53  Terran Infantry Weapons Level 1, Terran Infantry Armor Level 1  
  85  6:57  Supply Depot  
  85  6:58  Supply Depot  
  85  7:15  Marine x3, Siege Tank, SCV x2  
  93  7:16  Armory  
  93  7:19  Marine x2, Medivac x2  
  93  7:21  Supply Depot x2  
  99  7:33  Marine x3  
  99  7:36  Marine x2  
  84  7:51  Marine x3  
  87  7:54  Marine x2  
  87  8:03  Viking x2  
  87  8:04  Thor  
  87  8:05  SCV  
  87  8:08  Marine x3  
  87  8:12  Marine x2  
  89  8:14  SCV, Barracks  
  89  8:18  Barracks  
  89  8:19  Barracks x2  
  90  8:20  Refinery  
  90  8:26  Marine x3, Orbital Command  
  93  8:30  Marine x2  
  92  8:38  SCV  
  92  8:41  SCV  
  92  8:44  Marine x3  
  92  8:48  Viking x2, Marine  
  100  8:52  Thor  
  100  8:53  Combat Shield  
  106  9:03  Barracks Reactor, Barracks  
  106  9:06  Barracks Reactor  
  106  9:07  Barracks Tech Lab  
  103  9:24  SCV x2  
  103  9:29  SCV  
  106  9:39  SCV  
  107  9:47  Supply Depot  
  107  9:49  Supply Depot  
  107  9:51  SCV  
  108  9:53  SCV  
  108  9:55  SCV  
  108  9:57  Supply Depot  
  108  9:58  Armory, Supply Depot  
  110  10:00  Terran Vehicle And Ship Armor Level 1  
  110  10:03  SCV  
  111  10:09  Command Center  
  111  10:10  Supply Depot  
  111  10:11  Medivac x2  
  113  10:21  SCV  
  113  10:22  Supply Depot  
  113  10:30  Missile Turret  
  113  10:31  Marine x5, Missile Turret  
  113  10:32  Barracks Reactor x2  
  118  10:41  Marine x4  
  118  10:42  Siege Tank  
  123  10:46  SCV  
  123  10:48  Marine x2  
  123  10:49  Marine  
  125  10:51  SCV  
  125  10:55  Marine x2  
  128  10:57  Viking x2  
  128  10:59  Marine x4  
  128  11:02  Terran Infantry Weapons Level 2  
  116  12:00  SCV x3  
  119  12:11  SCV  
  119  12:12  SCV  
  121  12:19  SCV  
  121  12:20  SCV  
  121  12:21  Terran Infantry Armor Level 2  
  121  12:22  Marine x6  
  126  12:23  Marine x4, SCV  
  126  12:24  SCV, Marauder  
  137  12:31  SCV  
  137  12:32  Marine x2  
  137  12:36  Terran Vehicle Weapons Level 1  
  140  12:38  Concussive Shells  
  140  12:40  Marine x3  
  140  12:44  SCV x2  
  145  12:47  SCV  
  145  12:49  SCV  
  147  12:56  SCV  
  148  13:00  Missile Turret  
  148  13:01  Missile Turret  
  148  13:08  Medivac x2  
  152  13:14  Marine x10  
  152  13:15  Marauder  
  161  13:37  Marine  
  161  13:38  Marine x5  
  161  13:40  SCV  
  162  13:44  Terran Infantry Weapons Level 3  
  162  13:46  Supply Depot  
  162  13:47  Supply Depot  
  149  13:48  Barracks  
  149  13:51  Barracks  
  145  13:56  Factory  
  145  13:59  SCV  
  145  14:01  Marine x2, Supply Depot  
  145  14:02  Marine x9, Marauder  
  157  14:04  Medivac x2  
  157  14:05  Siege Tank  
  164  14:16  Marine  
  165  14:19  Marine x3  
  168  14:31  Marine  
  168  14:32  Marine x8  
  168  14:34  Marine  
  168  14:37  Marine  
  165  14:47  Marine  
  165  14:48  Marine  
  165  14:49  Marine x3  
  165  14:50  Marauder  
  172  14:54  Marine  
  172  14:55  Marine  
  172  14:57  Siege Tank  
  172  14:58  Factory Tech Lab  
  177  15:03  SCV x2  
  177  15:05  Marine x4  
  183  15:07  Barracks Tech Lab  
  183  15:09  Barracks x2  
  183  15:11  Refinery  
  183  15:12  Marauder  
  185  15:15  Refinery, Ghost Academy  
  185  15:27  Command Center  
  177  15:48  Marine x8  
  177  15:49  Thor  
  194  15:50  Siege Tank, Medivac  
  194  15:55  Medivac  
  183  16:05  Marine x4  
  183  16:06  Marauder  
  122  16:18  Marine  
  122  16:19  Marine x4, Marauder  
  122  16:21  Marine  
  122  16:22  Marine x3  
  122  16:23  Marine x2  
  122  16:24  Marine  
Show
View Real Time Build Order
Export as new Build Order

Stirbend Zerg - Winner!

Build Orders: Hatch First, Muta Ling Bane 

Get SALT Encoding   

  12  0:00  Drone  
  13  0:12  Overlord  
  13  0:18  Drone  
  14  0:31  Drone  
  15  0:47  Hatchery  
  14  0:50  Drone  
  14  0:54  Drone  
  16  0:58  Drone  
  17  1:12  Spawning Pool  
  17  1:15  Drone  
  17  1:18  Extractor  
  17  1:22  Drone  
  17  1:25  Drone  
  18  1:33  Drone  
  19  1:46  Drone  
  20  1:57  Overlord  
  20  2:03  Queen  
  20  2:04  Queen  
  20  2:07  Drone  
  20  2:08  Drone  
  26  2:11  Zergling x2  
  27  2:16  Zergling x2  
  28  2:24  Metabolic Boost  
  28  2:28  Drone x2  
  30  2:40  Spore Crawler  
  30  2:51  Drone x2  
  30  2:52  Drone x2  
  30  2:54  Drone  
  30  2:57  Roach Warren  
  34  3:12  Drone x2  
  36  3:25  Overlord  
  36  3:26  Overlord x2  
  36  3:28  Extractor  
  36  3:29  Extractor  
  34  3:41  Overlord  
  34  3:42  Hatchery  
  34  3:46  Zergling x2  
  34  3:47  Zergling x4  
  36  3:48  Drone x2  
  36  3:50  Lair  
  36  3:54  Drone x2  
  40  4:03  Drone x3  
  43  4:10  Drone x3  
  46  4:25  Drone x6  
  46  4:26  Drone x2  
  53  4:35  Drone x2  
  52  4:41  Drone  
  52  4:45  Overlord  
  53  4:50  Spire  
  53  4:51  Extractor  
  51  4:54  Queen  
  51  4:59  Queen  
  55  5:05  Roach  
  55  5:06  Roach x2  
  61  5:08  Zergling x6  
  64  5:14  Drone x2  
  64  5:15  Drone x2  
  68  5:24  Drone x5  
  73  5:30  Pneumatized Carapace  
  73  5:34  Evolution Chamber  
  73  5:35  Drone x2  
  74  5:36  Baneling Nest  
  74  5:41  Drone x3  
  76  5:58  Zergling x2, Hatchery  
  76  5:59  Zergling x6  
  79  6:10  Roach  
  79  6:11  Overlord x3  
  81  6:28  Overlord x3  
  81  6:32  Overlord x2  
  81  6:46  Mutalisk  
  81  6:47  Mutalisk x6  
  81  6:49  Zergling x2  
  81  6:50  Zergling x10  
  101  7:06  Centrifical Hooks  
  101  7:14  Baneling x3  
  101  7:15  Baneling x2  
  101  7:27  Zergling x2  
  101  7:28  Zergling x18  
  110  7:41  Mutalisk  
  110  7:42  Mutalisk x2  
  110  7:44  Zergling x8  
  120  7:53  Overlord x4  
  115  8:00  Infestation Pit  
  110  8:12  Drone  
  111  8:13  Drone x12  
  111  8:15  Baneling x4  
  111  8:17  Zerg Melee Weapons Level 1  
  123  8:38  Zergling x2  
  123  8:39  Zergling x26  
  137  8:41  Baneling  
  137  8:42  Baneling  
  137  8:43  Hive  
  137  8:49  Drone  
  137  8:50  Drone x3  
  140  8:57  Overseer  
  140  9:00  Overlord x4  
  140  9:17  Roach  
  140  9:18  Roach x4  
  145  9:33  Zergling x2  
  145  9:34  Zergling x22  
  148  9:42  Pathogen Glands  
  148  9:47  Evolution Chamber  
  148  9:48  Evolution Chamber  
  148  9:51  Baneling x3, Hydralisk Den  
  148  9:52  Baneling x7  
  145  9:53  Zergling x2  
  145  9:54  Zergling x22  
  157  10:14  Zergling x28  
  158  10:15  Zergling x6, Hatchery  
  158  10:19  Baneling  
  158  10:20  Baneling x7  
  158  10:21  Baneling, Hatchery  
  173  10:23  Zergling x6  
  173  10:28  Overlord  
  175  10:39  Overlord x2  
  169  10:50  Zerg Melee Weapons Level 2  
  169  10:51  Zerg Ground Armor Level 1  
  169  11:06  Roach  
  169  11:07  Roach x5  
  181  11:17  Overlord x3  
  140  11:49  Roach x7  
  140  11:50  Roach x4  
  140  11:52  Baneling x5  
  140  11:53  Baneling  
  158  11:56  Zergling x4  
  158  11:57  Zergling x4  
  162  12:09  Zergling x10  
  162  12:11  Baneling x6  
  162  12:12  Baneling  
  162  12:15  Drone x2  
  169  12:40  Extractor  
  169  12:41  Extractor  
  167  12:55  Baneling x15  
  167  12:56  Baneling  
  167  12:58  Zergling x24  
  169  12:59  Zergling x24  
  191  13:07  Muscular Augments  
  188  13:34  Adrenal Glands  
  172  13:50  Glial Reconstitution  
  172  14:06  Zergling x2  
  172  14:07  Zergling x20  
  172  14:08  Extractor  
  172  14:09  Greater Spire  
  182  14:13  Extractor  
  166  14:52  Corruptor  
  166  14:53  Corruptor x7  
  166  14:55  Ultralisk Cavern  
  181  15:05  Drone x3  
  184  15:08  Drone x2  
  184  15:09  Drone x3  
  187  15:40  Baneling  
  187  15:41  Baneling x18  
  186  15:42  Zergling x2  
  186  15:43  Zergling x26  
  186  15:48  Overlord x5  
  153  16:23  Zergling x2  
  153  16:24  Zergling x38  
Tags
 
Add a new tag
Caveats
  • Supply blocks, unpowered buildings, or Contaminate may cause inaccurate times.
  • Supply counts are checked every 10 seconds.